 Dungeon Crawl Stone Soup version 0.24.0-123-gd5b16e6ec5 (webtiles) character file.

Game seed: 4638171777100625432, levelgen mode: deterministic

8187 TuydTheSenseless the Basher (level 11, 0/95 HPs)
             Began as a Formicid Monk on Feb 8, 2020.
             Was the Champion of Okawaru.
             Slain by a killer bee (4 damage)
             ... on level 9 of the Dungeon.
             The game lasted 00:32:38 (9855 turns).

TuydTheSenseless the Basher (Formicid Monk)         Turns: 9855, Time: 00:32:39

Health: 0/95       AC: 18    Str: 19    XL:     11   Next: 51%
Magic:  10/11      EV:  8    Int: 10    God:    Okawaru [******]
Gold:   541        SH:  0    Dex: 13    Spells: 10/10 levels left

rFire    . . .     SeeInvis +   p - +5 flail (holy)
rCold    . . .     Gourm    .   (no shield)
rNeg     . . .     Faith    +   d - +0 chain mail
rPois    .         Spirit   .   (helmet unavailable)
rElec    .         Reflect  .   i - +2 cloak
rCorr    .         Harm     .   (no gloves)
MR       +....                  o - +0 pair of boots
Stlth    ..........             u - amulet of faith
HPRegen  0.25/turn              y - +6 ring of protection
MPRegen  0.12/turn              (no ring)

@: lethally poisoned (0 -> -1), invisible
A: permanent stasis, dig shafts and tunnels, four strong arms, antennae 3
a: Dig, Shaft Self, Heroism, Finesse, Renounce Religion


You were on level 9 of the Dungeon.
You worshipped Okawaru.
Okawaru was exalted by your worship.
You were not hungry.

You visited 2 branches of the dungeon, and saw 10 of its levels.

You collected 541 gold pieces.

Inventory:

Hand Weapons
 a - a +0 mace
 f - a +0 whip
 k - the +7 fustibalus "Tiromul" {velocity, Str+2 Dex+6 SInv, unknown}
   (Okawaru gifted it to you on level 8 of the Dungeon)

   Any stone fired from it inflicts extra damage.
   It affects your strength (+2).
   It affects your dexterity (+6).
   It lets you see invisible.
 l - a +0 morningstar
 p - a +5 flail of holy wrath (weapon)
Missiles
 q - 6 atropa-tipped darts
 s - 19 poisoned darts (quivered)
 C - 3 throwing nets
Armour
 d - a +0 chain mail (worn)
 i - a +2 cloak (worn)
 m - a +0 leather armour
 o - a +0 pair of boots (worn)
 r - a +0 large shield
 D - a +0 buckler
 G - a +0 troll leather armour
Jewellery
 u - an amulet of faith (around neck)
 y - a +6 ring of protection (left hand)
Wands
 e - a wand of flame (20)
 j - a wand of disintegration (11)
 B - a wand of iceblast (12)
Scrolls
 F - 2 scrolls of amnesia
 H - a scroll of magic mapping
 J - 2 scrolls of remove curse
Potions
 g - a potion of flight
 h - a potion of brilliance
 n - 2 potions of curing
 t - a potion of mutation
 v - a potion of magic {unknown}
 w - 2 potions of lignification
 x - a potion of invisibility
 z - a potion of berserk rage {unknown}
 A - 2 potions of degeneration {unknown}
 E - 2 potions of agility {unknown}
Comestibles
 b - a chunk of flesh
 c - 13 rations


   Skills:
 - Level 11.7 Fighting
 + Level 13.5 Maces & Flails
 - Level 2.6 Dodging
 - Level 2.4 Stealth


You had 10 spell levels left.
You didn't know any spells.
Your spell library was empty.

Dungeon Overview and Level Annotations

Branches:
Dungeon (9/15)             Temple (1/1) D:4
   Lair: D:8-11         Orc: D:9-12

Altars:
Ashenzari
Cheibriados
Dithmenos
Elyvilon
Fedhas
Hepliaklqana
Kikubaaqudgha
Makhleb
Nemelex Xobeh
Okawaru
Qazlal
Ru
Sif Muna
Trog
Uskayaw
Vehumet
Wu Jian
Xom
Yredelemnul
Zin
The Shining One

Shops:
D:4 ?   D:8 (


Innate Abilities, Weirdness & Mutations

You cannot be hasted, slowed, berserked, paralysed or teleported.
You can dig through walls and to a lower floor.
Your four strong arms can wield two-handed weapons with a shield.
You have a pair of large antennae on your head. (SInv)


Message History

* * * LOW HITPOINT WARNING * * *
The killer bee stings you!
* * * LOW HITPOINT WARNING * * *
You feel better. The killer bee closely misses you.
The killer bee barely misses you.
The killer bee stings you but does no damage. x4
The killer bee stings you.
* * * LOW HITPOINT WARNING * * *
The killer bee stings you but does no damage.
The killer bee stings you!
* * * LOW HITPOINT WARNING * * *
You are poisoned.
The killer bee poisons you!
You fade into invisibility!
You feel sick.
The killer bee stings you but does no damage. x2
The killer bee stings you.
* * * LOW HITPOINT WARNING * * *
The killer bee stings you.
You die...

#..........#
#.#.#.#.#..#
#..........########
##.#.#.#)#...†..%...
###...........####.%.%
#....#.#(#.#.## .
#........y...#
#.......yyyy.# {{{
#........@.#.# {
#........#####
#...............
##......#########
#................
#.....###'######
####### #.# #...####.#
#.#.##...#


You could see a queen bee and 4 killer bees.

Vanquished Creatures
  Harold (D:7)
  A centaur warrior (D:8)
  2 two-headed ogres
  Pikel (D:7)
  A troll (D:8)
  A hippogriff (D:8)
  Sigmund (D:2)
  4 yaks (D:9)
  A wyvern (D:8)
  Eustachio (D:4)
  A hungry ghost (D:8)
  Duvessa (D:6)
  3 orc warriors
  2 ice beasts
  A sky beast (D:7)
  A necrophage (D:8)
  2 phantoms
  4 slaves (D:7)
  5 ogres
  2 centaurs
  Blork the orc (D:5)
  5 bullfrogs
  A gnoll sergeant (D:8)
  3 scorpions
  Dowan (D:6)
  5 killer bees (D:9)
  5 howler monkeys
  2 crimson imps
  A bullfrog zombie (D:8)
  A quasit (D:7)
  3 hounds
  A centaur skeleton (D:6)
  Crazy Yiuf (D:7)
  3 bullfrog skeletons
  2 jellies
  5 orc priests
  3 orc wizards
  2 iguanas
  4 worker ants
  A hound skeleton (D:8)
  A worker ant zombie (D:8)
  3 gnolls (D:8)
  7 adders
  A shadow imp (D:5)
  3 adder zombies
  3 worms
  6 dart slugs
  6 leopard geckos
  25 orcs
  8 giant cockroaches
  6 goblins
  4 hobgoblins
  6 jackals
  7 quokkas
  6 bats
  A frilled lizard (D:1)
  2 kobolds (D:3)
  A quokka skeleton (D:7)
  3 rats
185 creatures vanquished.

Vanquished Creatures (others)
  7 plants (D:8)
7 creatures vanquished.

Grand Total: 192 creatures vanquished

Notes
Turn   | Place    | Note
-------+----------+-------------------------------------------
     0 | D:1      | TuydTheSenseless the Formicid Monk began the quest for the
                  | Orb.
     0 | D:1      | Reached XP level 1. HP: 18/18 MP: 1/1
   202 | D:1      | Reached XP level 2. HP: 24/24 MP: 2/2
   439 | D:1      | Reached XP level 3. HP: 23/30 MP: 3/3
   509 | D:2      | Noticed Sigmund
   845 | D:2      | Found a white marble altar of Elyvilon.
  1130 | D:3      | Reached XP level 4. HP: 29/37 MP: 4/4
  1410 | D:3      | Found an iron altar of Okawaru.
  1419 | D:3      | Became a worshipper of Warmaster Okawaru
  1419 | D:3      | Reached * piety under Okawaru
  1419 | D:3      | Reached ** piety under Okawaru
  1699 | D:3      | Reached skill level 4 in Maces & Flails
  2569 | D:3      | Found a sacrificial altar of Ru.
  2707 | D:3      | Reached XP level 5. HP: 43/43 MP: 5/5
  2919 | D:2      | Killed Sigmund
  2919 | D:2      | Reached skill level 5 in Fighting
  2919 | D:2      | Reached skill level 5 in Maces & Flails
  2919 | D:2      | Reached XP level 6. HP: 26/52 MP: 4/6
  3328 | D:4      | Found Axkim's Magic Scroll Shoppe.
  3378 | D:4      | Found a hide-covered altar of Uskayaw.
  3382 | D:4      | Reached *** piety under Okawaru
  3585 | D:4      | Noticed Eustachio
  3607 | D:4      | Killed Eustachio
  3607 | D:4      | Reached XP level 7. HP: 43/59 MP: 7/7
  3678 | D:4      | Reached skill level 6 in Maces & Flails
  3768 | D:4      | Found a staircase to the Ecumenical Temple.
  3782 | Temple   | Entered the Ecumenical Temple
  4264 | D:4      | Found an ornate altar of the Wu Jian Council.
  4794 | D:5      | Entered Level 5 of the Dungeon
  4798 | D:5      | Noticed Blork the orc
  4804 | D:5      | Killed Blork the orc
  4804 | D:5      | Reached **** piety under Okawaru
  4804 | D:5      | Reached XP level 8. HP: 67/67 MP: 8/8
  5184 | D:5      | Reached skill level 7 in Maces & Flails
  5266 | D:6      | Found a sparkling altar of Nemelex Xobeh.
  5350 | D:6      | Noticed Dowan
  5359 | D:6      | Killed Dowan
  5413 | D:6      | Noticed Duvessa
  5426 | D:6      | Killed Duvessa
  5893 | D:6      | Found a shimmering altar of Xom.
  5897 | D:6      | Found a glowing golden altar of the Shining One.
  6091 | D:6      | Reached skill level 8 in Maces & Flails
  6091 | D:6      | Reached XP level 9. HP: 58/75 MP: 9/9
  6108 | D:6      | Found an ancient bone altar of Kikubaaqudgha.
  6274 | D:7      | Found a shadowy altar of Dithmenos.
  6377 | D:7      | Reached ***** piety under Okawaru
  6773 | D:7      | Noticed Pikel
  6791 | D:7      | Killed Pikel
  6791 | D:7      | Reached skill level 10 in Fighting
  6791 | D:7      | Reached skill level 9 in Maces & Flails
  6836 | D:7      | HP: 3/78 [poisoned by a worker ant]
  7317 | D:7      | Noticed Harold
  7336 | D:7      | Killed Harold
  7336 | D:7      | Reached skill level 10 in Maces & Flails
  7336 | D:7      | Reached XP level 10. HP: 60/87 MP: 7/10
  7710 | D:7      | Found a runed translucent door.
  7711 | D:7      | Noticed Crazy Yiuf
  7717 | D:7      | Killed Crazy Yiuf
  7773 | D:8      | Found Syitzuiw's Antique Weapon Shop.
  7787 | D:8      | Received a gift from Okawaru
  7792 | D:8      | Got a shimmering fustibalus {god gift}
  7797 | D:8      | Noticed a two-headed ogre
  7812 | D:8      | Killed a two-headed ogre
  8026 | D:8      | Reached skill level 11 in Maces & Flails
  8293 | D:8      | Noticed a centaur warrior
  8303 | D:8      | Killed a centaur warrior
  8303 | D:8      | Reached XP level 11. HP: 30/95 MP: 8/11
  8569 | D:8      | Reached skill level 12 in Maces & Flails
  9441 | D:9      | Noticed a two-headed ogre
  9461 | D:9      | Killed a two-headed ogre
  9461 | D:9      | Reached ****** piety under Okawaru
  9461 | D:9      | Reached skill level 13 in Maces & Flails
  9720 | D:9      | Found a glowing silver altar of Zin.
  9855 | D:9      | HP: 4/95 [killer bee (1)]
  9855 | D:9      | Slain by a killer bee

Levels and vault maps discovered:
D:1:      saegor_arrival_simple_e, layout_basic
D:2:      layout_rooms, elyvilon_altar_4, uniq_sigmund
D:3:      minmay_general_purpose_star, layout_loops_ring, lemuel_round_altar,
          minivault_25, okawaru_metal_pillars_1_2
D:4:      layout_layer_cave, kennysheep_mini, lemuel_round_altar,
          minmay_temple_entry_overgrown, first_ration, serial_shops,
          shop_scrolls, uniq_eustachio
D:5:      layout_loops_cross, uniq_blork_the_orc
D:6:      layout_loops_ring, lemuel_coloured_pillars_altar,
          nemelex_xobeh_ov_fountains_minmay, minitemple, lightli_minifort,
          uniq_duvessa
D:7:      layout_loops_ring, lemuel_crystal_altar, uniq_pikel,
          uniq_crazy_yiuf_cottage, uniq_harold
D:8:      layout_rooms, serial_corexii_hall, chequers_hall_statues_wall_a,
          corexii_hall_statues_l, chequers_hall_statues_y,
          corexii_hall_statues_t, serial_shops, nicolae_shop_crystal,
          minmay_shattered_shrine
D:9:      layout_roguey [special_room_bee], lemuel_crystal_altar,
          nicolae_gozag_seed_capital, erik_lair_dragon, serial_co_window_serial,
          co_window_corner_a, co_window_paths_a, co_window_paths_b,
          co_window_of_opportunity_a, co_window_corner_a, co_window_paths_b,
          co_window_paths_b, co_window_unsneaky_path_e, co_window_corner_b,
          co_window_corner_cb, glass_columns_c, glass_columns_c,
          hangedman_little_slice_of_home
Temple:   hc_temple_tempest_star

Skill      XL: |  1  2  3  4  5  6  7  8  9 10 11 |
---------------+----------------------------------+-----
Fighting       | 4 5 6 7 8 11 | 11.7
Maces & Flails | 4 5 6 8 10 11 13 | 13.5
Dodging        | |  2.6
Stealth        | |  2.4

Action                   |  1- 3 |  4- 6 |  7- 9 | 10-12 || total
-------------------------+-------+-------+-------+-------++-------
Melee: Mace              |    54 |       |       |       ||    54
       Whip              |    31 |   176 |       |       ||   207
       Punch             |       |     1 |       |       ||     1
       Flail             |       |    36 |   206 |   197 ||   439
Throw: Throwing net      |     1 |       |       |       ||     1
       Dart              |       |     8 |       |       ||     8
Invok: Heroism           |       |     2 |     6 |     7 ||    15
  Use: Scroll            |     4 |     7 |     5 |     4 ||    20
       Potion            |     1 |     1 |     3 |     2 ||     7
 Stab: Sleeping          |     5 |     3 |       |       ||     8
       Invisible         |       |     1 |       |       ||     1
       Distracted        |       |       |     1 |     1 ||     2
  Eat: Chunk             |     1 |     8 |    11 |     9 ||    29
Armor: Robe              |    11 |    11 |       |       ||    22
       Leather armour    |       |    10 |       |       ||    10
       Skin              |       |     4 |     6 |       ||    10
       Ring mail         |       |    25 |       |       ||    25
       Chain mail        |       |    40 |    74 |    94 ||   208
Dodge: Dodged            |    63 |   108 |    47 |    72 ||   290
